 Dungeon Crawl Stone Soup version 0.18.1-48-g4cf74bf (webtiles) character file.

361 Alarkh the Cudgeler (level 6, 0/44 HPs)
             Began as a Mummy Skald on Sept 11, 2016.
             Slain by a scorpion (3 damage)
             ... on level 4 of the Dungeon.
             The game lasted 00:06:07 (4509 turns).

Alarkh the Cudgeler (Mummy Skald)                   Turns: 4509, Time: 00:06:08

Health: 0/44       AC:  4    Str: 16    XL:     6   Next: 38%
Magic:  1/9        EV: 11    Int: 13    God:
Gold:   164        SH:  0    Dex: 11    Spells: 3 memorised, 3 levels left

rFire  . . .     SeeInvis .     a - +0 mace (curse)
rCold  + . .     Gourm    .     b - +0 leather armour
rNeg   + + +     Faith    .     (no shield)
rPois  ∞         Spirit   .     l - +0 helmet
rElec  .         Dismiss  .     (no cloak)
rCorr  .         Reflect  .     (no gloves)
SustAt .         Harm     .     (no boots)
MR     .....                    (no amulet)
Stlth  +.........               (no ring)
                                n - ring of protection from fire

@: very slightly contaminated, not resistant to hostile enchantments, very
unstealthy
A: no food or potions, fire vulnerability, cold resistance 1, negative energy
resistance 3, torment resistance, unbreathing
a: no special abilities


You were on level 4 of the Dungeon.
You were not hungry.

You visited 1 branch of the dungeon, and saw 4 of its levels.

You collected 164 gold pieces.

Inventory:

Hand Weapons
 a - a cursed +0 mace (weapon)
Armour
 b - a +0 leather armour (worn)
 i - a +0 helmet
 l - a +0 helmet (worn)
Jewellery
 n - a ring of protection from fire (left hand)
Scrolls
 d - a scroll of fog
 e - 3 scrolls of identify
 f - 2 scrolls of recharging
 g - 4 scrolls of teleportation
 h - a scroll of immolation
 k - 2 scrolls of remove curse
Books
 c - a book of Battle

   Spells                             Type                      Level
   a - Infusion                       Charms                       1
   b - Shroud of Golubria             Charms/Translocation         2
   c - Song of Slaying                Charms                       2
   d - Spectral Weapon                Hexes/Charms                 3
   e - Regeneration                   Charms/Necromancy            3


   Skills:
 - Level 2.0 Fighting
 + Level 5.7 Maces & Flails
 - Level 0.7 Armour
 - Level 0.7 Dodging
 - Level 2.0 Spellcasting
 - Level 2.4 Charms


You had 3 spell levels left.
You knew the following spells:

 Your Spells              Type           Power        Failure   Level  Hunger
a - Infusion              Chrm           #...         14%         1    N/A
b - Shroud of Golubria    Chrm/Tloc      #.........   30%         2    N/A
c - Spectral Weapon       Hex/Chrm       #.......     65%         3    N/A

Dungeon Overview and Level Annotations

Branches:
Dungeon (4/15)
 Temple: D:4-7

Altars:
Fedhas
Kikubaaqudgha
Qazlal


Innate Abilities, Weirdness & Mutations

You do not eat or drink.
Your flesh is vulnerable to fire.
You are immune to poison.
Your flesh is cold resistant.
You are immune to negative energy.
You are immune to unholy pain and torment.
You can survive without breathing.


Message History

Your shroud unravels.
The scorpion barely misses you. The scorpion stings you!
* * * LOW HITPOINT WARNING * * *
You hit the scorpion.
The scorpion is severely wounded.
The scorpion stings you.
* * * LOW HITPOINT WARNING * * *
You hit the scorpion.
The scorpion is almost dead.
You are no longer magically infusing your attacks.
The scorpion stings you.
* * * LOW HITPOINT WARNING * * *
You closely miss the scorpion.
The scorpion is almost dead.
The scorpion stings you.
* * * LOW HITPOINT WARNING * * *
You hit the scorpion but do no damage.
The scorpion is almost dead.
The scorpion stings you.
You die...

,,,,,,,,,,,,,,,,,,,********,,,***
,,,,,,,,,..........#8##*8**,,,**8
,,,,,,,,,.[...........,,,,,,,,,,,
,,,,,,,,,,...........,,,,,,,,,,,,
,,,,,,,,,*+#........,,,,,,,,,,,,,
,,,,,,,,,+_+.......#8***8**,,,**8
,,,,,,,,,#+#.......####****,,,***
,,,*,,,,,.............## *8,,,8*,
****,****......s@......# **,,,***
*,* *..............# *,,,* *
****,****..............#***,,,***
,,,,,,,,,..........†...+,*8,,,8*,
****,,,,,.##########...#***,,,**,
******,* #...# *,,,*,, *,*
####...# *,,,,,,
*******+******#......# ###***,
***,,,,,,,,,,<,*#....### #..,,,,


You could see a scorpion.

Vanquished Creatures
  A water moccasin (D:3)
  2 scorpions (D:4)
  A hound (D:4)
  Jessica (D:2)
  Robin (D:1)
  2 gnolls (D:4)
  2 adders
  2 worms
  A giant gecko (D:1)
  A ball python (D:3)
  2 giant cockroaches (D:1)
  14 goblins
  7 hobgoblins
  A quokka (D:2)
  7 bats
  5 giant newts
  7 kobolds (D:2)
  6 rats
63 creatures vanquished.

Vanquished Creatures (others)
  A spectral weapon (D:3)
1 creature vanquished.

Grand Total: 64 creatures vanquished

Notes
Turn   | Place    | Note
--------------------------------------------------------------
     0 | D:1      | Alarkh the Mummy Skald began the quest for the Orb.
     0 | D:1      | Reached XP level 1. HP: 16/16 MP: 3/3
    81 | D:1      | Reached skill level 2 in Maces & Flails
   486 | D:1      | Reached XP level 2. HP: 22/22 MP: 3/5
  1518 | D:2      | Noticed Robin
  1518 | D:2      | Reached XP level 3. HP: 26/27 MP: 2/6
  1982 | D:1      | Learned a level 2 spell: Shroud of Golubria
  1994 | D:1      | Killed Robin
  1994 | D:1      | Reached skill level 3 in Maces & Flails
  2145 | D:2      | Noticed Jessica
  2156 | D:2      | Killed Jessica
  2156 | D:2      | Reached XP level 4. HP: 31/33 MP: 2/7
  2496 | D:2      | Found a stormy altar of Qazlal.
  2742 | D:3      | Learned a level 3 spell: Spectral Weapon
  2853 | D:3      | Reached skill level 4 in Maces & Flails
  3312 | D:3      | Noticed a water moccasin
  3327 | D:3      | Killed a water moccasin
  3327 | D:3      | Reached skill level 5 in Maces & Flails
  3327 | D:3      | Reached XP level 5. HP: 22/38 MP: 0/8
  3614 | D:3      | Noticed a hippogriff
  4055 | D:4      | Found a blossoming altar of Fedhas.
  4055 | D:4      | Found an ancient bone altar of Kikubaaqudgha.
  4360 | D:4      | Reached XP level 6. HP: 39/44 MP: 4/9
  4509 | D:4      | Slain by a scorpion

Skill      XL: |  1  2  3  4 |
---------------+-------------+-----
Maces & Flails | 2 3 5 |  5.7
Fighting       | |  2.0
Armour         | |  0.7
Dodging        | |  0.7
Spellcasting   | |  2.0
Charms         | |  2.4

Action                   |  1- 3 |  4- 6 || total
-------------------------+-------+-------++-------
Melee: Mace              |    92 |   127 ||   219
 Cast: Infusion          |    18 |    20 ||    38
       Shroud of Golubri |     1 |     4 ||     5
       Spectral Weapon   |       |     2 ||     2
  Use: Scroll            |     4 |     6 ||    10
 Stab: Sleeping          |       |     1 ||     1
Armor: Leather armour    |    35 |    36 ||    71
Dodge: Dodged            |    86 |    96 ||   182
